 Dungeon Crawl Stone Soup version 0.20-a0-1018-ge435b50 (webtiles) character file.

20 roguesci the Insei (level 2, 0/14 HPs)
             Began as a Vine Stalker Transmuter on Apr 17, 2017.
             Slain by a kobold
             ... wielding a +2 whip of electrocution
              (7 damage)
             ... on level 2 of the Dungeon.
             The game lasted 00:03:39 (1215 turns).

roguesci the Insei (Vine Stalker Transmuter)        Turns: 1215, Time: 00:03:40

Health: 0/14       AC:  6    Str: 12    XL:     2   Next: 79%
Magic:  0/6        EV: 11    Int: 13    God:
Gold:   53         SH:  0    Dex: 14    Spells: 2/5 levels left

rFire    . . .     SeeInvis .   p - +0 rapier
rCold    . . .     Gourm    .   (no shield)
rNeg     . . .     Faith    .   k - +0 ring mail
rPois    .         Spirit   +   (no helmet)
rElec    .         Reflect  .   (no cloak)
rCorr    .         Harm     .   s - +0 pair of gloves
MR       .....                  (no boots)
Stlth    +.........             (no amulet)
Regen    0.1/turn               (no ring)
MPRegen  0.1/turn               (no ring)

@: no status effects
A: fangs 2, magic shield, antimagic bite, no potion heal 3, rot immunity
a: no special abilities


You were on level 2 of the Dungeon.
You were not hungry.

You visited 1 branch of the dungeon, and saw 2 of its levels.

You collected 53 gold pieces.

Inventory:

Hand Weapons
 p - a +0 rapier (weapon)
Missiles
 a - 12 arrows
 m - 77 stones (quivered)
Armour
 k - a +0 ring mail (worn)
 r - a +0 robe
 s - a +0 pair of gloves (worn)
Scrolls
 b - a scroll of remove curse {unknown}
 e - a scroll of teleportation {unknown}
 g - a scroll of fear {unknown}
 l - 2 scrolls of noise {unknown}
 n - a scroll of fog {unknown}
 o - a scroll of enchant armour {unknown}
Potions
 f - a potion of magic {unknown}
 h - 3 potions of lignification {unknown}
Books
 c - a book of Changes

   Spells                             Type                      Level
   a - Beastly Appendage              Transmutation                1
   b - Sticks to Snakes               Transmutation                2
   c - Spider Form                    Transmutation/Poison         3
   d - Ice Form                       Ice/Transmutation            4
   e - Blade Hands                    Transmutation                5
Comestibles
 d - 2 bread rations
 i - 2 chunks of flesh
 j - 2 royal jellies
 q - a meat ration


   Skills:
 * Level 1.5 Fighting
 * Level 2.0 Dodging
 + Level 1.0 Stealth
 + Level 3.1 Unarmed Combat
 - Level 2.1 Spellcasting
 - Level 2.0 Transmutations


You had 2 spell levels left.
You knew the following spells:

 Your Spells              Type           Power        Failure   Level  Hunger
a - Beastly Appendage     Tmut           #.....       24%         1    ##.....
b - Sticks to Snakes      Tmut           #.......     38%         2    ###....


Dungeon Overview and Level Annotations

Branches:
Dungeon (2/15)

Altars:
Nemelex Xobeh


Innate Abilities, Weirdness & Mutations

You have extremely sharp teeth.
When hurt, damage is shared between your health and your magic reserves.
Your bite disrupts and absorbs the magic of your enemies.
Potions cannot restore your health.
You are immune to rotting.


Message History

The kobold hits you but does no damage.
You are electrocuted!
Ouch! That really hurt!
You are too injured to fight recklessly!
You are too injured to fight recklessly!
You are too injured to fight recklessly!
You are too injured to fight recklessly!
You are too injured to fight recklessly!
You are too injured to fight recklessly!
You closely miss the kobold. You bite the kobold. You drain its power.
You feel invigorated.
The kobold is moderately wounded.
The kobold hits you but does no damage.
You closely miss the kobold. Your bite misses the kobold.
The kobold is moderately wounded.
The kobold misses you.
You miss the kobold.
The kobold is moderately wounded.
The kobold hits you but does no damage.
You are electrocuted!
Ouch! That really hurt!
You die...

#..### #.#
.<....# #.#
#.....## #.#
##....#### #.#
#........# #.#
#.##....#..#
##.# # ....#...#
#..# ##. ##...K#
#.## ....#...@##
#.# #...#..# #.#
#...(#.# #.#
#....#.#.# #.#
....# #.#.# #.#
.## #...# #.#
##..######.#####
#..#.<........#
##............#


You could see a kobold.

Vanquished Creatures
  A dart slug (D:1)
  A ball python (D:1)
  A giant cockroach (D:1)
  4 hobgoblins
  2 jackals (D:1)
  2 kobolds
  2 bats (D:1)
  2 frilled lizards (D:1)
  A goblin (D:1)
16 creatures vanquished.

Notes
Turn   | Place    | Note
-------+----------+-------------------------------------------
     0 | D:1      | roguesci the Vine Stalker Transmuter began the quest for the Orb.
     0 | D:1      | Reached XP level 1. HP: 9/9 MP: 4/4
    35 | D:1      | Reached skill level 1 in Fighting
   401 | D:1      | Reached XP level 2. HP: 13/14 MP: 6/6
   410 | D:1      | Learned a level 2 spell: Sticks to Snakes
   591 | D:1      | Found a sparkling altar of Nemelex Xobeh.
  1021 | D:1      | Reached skill level 1 in Stealth
  1215 | D:2      | Slain by a kobold

Vault maps used:
D:1:      minmay_arrival_four_circles, chequers_big_river, minivault_5,
          nemelex_altar_shiori
D:2:      nicolae_overflow_crystal_walls

Skill      XL: |  1  2 |
---------------+-------+-----
Fighting       | 1 |  1.5
Dodging        | 2 |  2.0
Stealth        | 1 |  1.0
Unarmed Combat | |  3.1
Spellcasting   | |  2.1
Transmutations | |  2.0

Action                   || total
-------------------------++-------
Melee: Unarmed           ||    34
       Kick              ||     6
       Bite              ||     9
       Rapier            ||    13
 Cast: Beastly Appendage ||     8
  Eat: Chunk             ||     1
Armor: Ring mail         ||    14
       Robe              ||     1
Dodge: Dodged            ||    24
